 Dungeon Crawl Stone Soup version 0.30-a0-313-gae38170b09 (webtiles) character file.

Game seed: 1408001452342359771

5012 Kirkhe the Frost Mage (level 10, -1/56 HPs)
             Began as a Demonspawn Ice Elementalist on Oct 26, 2022.
             Was a Priest of Vehumet.
             Killed by vampiric draining
             ... invoked by a vampire
              (22 damage)
             ... on level 9 of the Dungeon.
             The game lasted 00:25:43 (8815 turns).

Kirkhe the Frost Mage (Demonspawn Ice Elementalist) Turns: 8815, Time: 00:25:43

Health: -1/56      AC: 24    Str:  9    XL:     10   Next: 29%
Magic:  22/23      EV: 12    Int: 21    God:    Vehumet [***...]
Gold:   1463       SH:  4    Dex: 13    Spells: 21/28 levels left

rFire   x . .      SeeInvis .    j - +1 short sword (elec)
rCold   . . .      Faith    .    (no shield)
rNeg    . . .      Spirit   .    a - +0 robe
rPois   .          Reflect  .    (no helmet)
rElec   .          Harm     .    (no cloak)
rCorr   .          Rampage  .    E - +2 pair of gloves
Will    .....                    s - +0 pair of boots
Stlth   ++........               (no amulet)
HPRegen 0.29/turn                k - +4 ring of protection
MPRegen 0.18/turn                c - ring of ice

@: mighty, ice-armoured, freezing walls
A: icemail 1, sturdy frame 1, condensation shield, weakness stinger 2, frail 1,
cold vulnerability 1
a: Renounce Religion


You were on level 9 of the Dungeon.
You worshipped Vehumet.
Vehumet was most pleased with you.
You visited 2 branches of the dungeon, and saw 10 of its levels.
You also visited: Bailey.

You collected 1463 gold pieces.

Inventory:

Hand Weapons
 j - a +1 short sword of electrocution (weapon)
Missiles
 g - 26 poisoned darts
 x - 2 throwing nets
Armour
 a - a +0 robe (worn)
 s - a +0 pair of boots (worn)
 E - a +2 pair of gloves (worn)
 J - a +0 buckler
 M - a +1 leather armour of poison resistance
 N - a +0 pair of boots of flying
Magical Staves
 d - a staff of death
 r - a staff of conjuration
Jewellery
 c - a ring of ice (right hand)
 k - a +4 ring of protection (left hand)
 w - an amulet of faith
 y - a ring of fire
 z - a ring of poison resistance
 H - a ring of flight
 K - a +6 ring of intelligence
 R - a ring of resist corrosion
Wands
 v - a wand of digging (6)
 B - a wand of iceblast (1)
 D - a wand of flame (16)
Scrolls
 f - 3 scrolls of blinking
 h - 4 scrolls of teleportation
 i - 2 scrolls of enchant armour
 l - a scroll of amnesia
 p - 2 scrolls of butterflies
 q - 3 scrolls of poison
 A - 2 scrolls of identify
 C - a scroll of summoning
 F - 2 scrolls of immolation
 L - 2 scrolls of fear
 P - a scroll of silence
 Q - a scroll of magic mapping
Potions
 b - 3 potions of magic
 e - a potion of ambrosia
 m - a potion of invisibility
 n - 4 potions of attraction
 o - 3 potions of cancellation
 t - 3 potions of flight
 u - 5 potions of haste
 I - 3 potions of curing
Miscellaneous
 O - a tin of tremorstones (2/2)


   Skills:
 + Level 2.4 Short Blades
 - Level 1.7 Dodging
 - Level 1.7 Stealth
 + Level 2.3 Shields
 + Level 9.8 Spellcasting
 + Level 10.1 Ice Magic
 - Level 1.4 Evocations


You had 21 spell levels left.
You knew the following spells:

 Your Spells              Type           Power      Damage    Failure   Level
a - Freeze                Ice            100%       1d10      1%          1
b - Frozen Ramparts       Ice            100%       1d16      1%          3
c - Ozocubu's Armour      Ice            68%        N/A       1%          3

Your spell library contained the following spells:

 Spells                   Type           Power      Damage    Failure   Level
 Momentum Strike          Conj/Tloc      20%        3d8       2%          2
 Sandblast                Erth           20%        2d7       1%          1
 Stone Arrow              Conj/Erth      20%        3d8       5%          3
 Slow                     Hex            40%        N/A       7%          1
 Summon Ice Beast         Ice/Summ       47%        N/A       9%          4
 Passwall                 Tmut/Erth      8%         N/A       10%         2
 Confusing Touch          Hex            10%        N/A       21%         3
 Vampiric Draining        Necr           10%        2d6       21%         3


Dungeon Overview and Level Annotations

Branches:
Dungeon (9/15)             Temple (1/1) D:5          Bailey (visited)
   Lair: D:8-11         Orc: D:9-12

Altars:
Cheibriados
Dithmenos
Gozag
Hepliaklqana
Kikubaaqudgha
Makhleb
Nemelex Xobeh
Okawaru
Qazlal
Ru
Sif Muna
Trog
Uskayaw
Vehumet
Wu Jian
Xom
Yredelemnul
Lugonu

Shops:
D:6 [[   D:8 [

Annotations:
D:7 4 runed translucent doors


Innate Abilities, Weirdness & Mutations

A meltable icy envelope protects you from harm. (AC +4)
Your movements are slightly less encumbered by armour. (ER -2)
A meltable shield of frost defends you. (SH +4)
You have a tail ending in a sharp stinger.
You are frail. (-10% HP)
You are vulnerable to cold. (rC-)


Message History

Unknown command.
You closely miss something. You tail-slap something.
The frozen ramparts melt away.
Something hits you but does no damage. Something bites you but does no damage.
You closely miss something.
Your tail-slap misses something.
Something draws life force from you!
Casting: Freeze (safe; 1% risk of failure)
Confirm with . or Enter, or press ? or * to list all spells.
Casting: Frozen Ramparts (safe; 1% risk of failure)
Press: ? - help, Dir - look around, f - activate You feel a surge of power!
The walls around you are covered in ice.
The wall freezes the bullfrog.
You kill the bullfrog!
Vehumet accepts your kill.
You feel your power returning.
The wall freezes something but does no damage.
Something hits you. Something bites you but does no damage.
Unknown command.
You miss something.
The wall freezes something.
Something draws life force from you!
Unknown command.
You barely miss something.
The wall freezes something.
Something draws life force from you!
Unknown command.
You puncture something!
Your tail-slap misses something.
You puncture something!
Your tail-slap misses something.
The wall freezes something but does no damage.
Something draws life force from you.
* * * LOW HITPOINT WARNING * * *
Unknown command.
You feel better.
The wall freezes something but does no damage.
Something hits you but does no damage. Something completely misses you.
Unknown command.
You barely miss something.
The wall freezes something.
Something hits you but does no damage. You block something's attack.
You miss something.
Your tail-slap misses something.
The wall freezes something.
Something draws life force from you!!
You die...

#.# #.#..
#.#.# #.#.#
#.#.# . #.#.#
....#####.#.#
....)){@....#
.....#####.##
... #.# . #.#
#.# #.# #.#
#.# #.#


There were no monsters in sight!

Vanquished Creatures
  An orc knight (Bailey)
  Grinder (D:4)
  5 yaks (D:8)
  2 water moccasins
  An ice beast (D:5)
  6 orc warriors
  3 sky beasts
  A black bear (D:6)
  An ogre (D:4)
  2 centaurs
  A phantom (D:4)
  A kobold brigand (D:8)
  5 bullfrogs
  2 necrophages
  A gnoll sergeant (D:6)
  2 scorpions
  6 killer bees (D:7)
  An electric eel (D:8)
  3 howler monkeys (D:9)
  4 hounds
  9 orc priests
  2 gnoll boudas
  4 orc wizards
  3 iguanas
  15 gnolls
  5 adders
  2 white imps (D:6)
  2 ufetubi
  3 worms
  3 dart slugs
  33 orcs
  8 ball pythons
  6 endoplasms
  2 giant cockroaches
  12 goblins
  4 hobgoblins
  2 quokkas (D:4)
  3 bats
  20 kobolds
  5 rats
192 creatures vanquished.

Vanquished Creatures (others)
  5 plants (D:8)
5 creatures vanquished.

Grand Total: 197 creatures vanquished

Notes
Turn   | Place    | Note
-------+----------+-------------------------------------------
     0 | D:1      | Kirkhe the Demonspawn Ice Elementalist began the quest for
                  | the Orb.
     0 | D:1      | Reached XP level 1. HP: 13/13 MP: 3/3
   262 | D:1      | Reached skill level 4 in Ice Magic
   262 | D:1      | Gained mutation: A meltable shield of frost defends you.
                  | (SH +4) [demonic ancestry]
   262 | D:1      | Reached XP level 2. HP: 19/19 MP: 5/5
   267 | D:1      | You fall into a shaft and drop 1 floor!
   298 | D:2      | Found a hazy altar of Hepliaklqana.
  1032 | D:2      | Reached XP level 3. HP: 20/24 MP: 3/6
  1803 | D:3      | Learned a level 3 spell: Frozen Ramparts
  1807 | D:3      | Learned a level 3 spell: Ozocubu's Armour
  2241 | D:3      | Reached XP level 4. HP: 30/30 MP: 5/8
  2368 | D:3      | Found a faded altar of an unknown god.
  2635 | D:4      | Gained mutation: Your movements are slightly less
                  | encumbered by armour. (ER -2) [demonic ancestry]
  2635 | D:4      | Reached XP level 5. HP: 27/35 MP: 1/10
  2801 | D:4      | Reached skill level 5 in Ice Magic
  3016 | D:4      | Gained mutation: You have a small tail. [demonic ancestry]
  3016 | D:4      | Reached XP level 6. HP: 40/41 MP: 8/12
  3567 | D:4      | Reached skill level 1 in Shields
  3635 | D:4      | Noticed Grinder
  3712 | D:4      | Killed Grinder
  3713 | D:4      | Reached skill level 5 in Spellcasting
  3713 | D:4      | Reached skill level 6 in Ice Magic
  3713 | D:4      | Reached XP level 7. HP: 29/46 MP: 13/15
  3927 | D:5      | Entered Level 5 of the Dungeon
  4107 | D:5      | Reached skill level 1 in Short Blades
  4587 | D:5      | Found a staircase to the Ecumenical Temple.
  4872 | Temple   | Entered the Ecumenical Temple
  4899 | Temple   | Became a worshipper of Vehumet
  4931 | D:6      | Found Eteoluhu's Armour Shop.
  5005 | D:6      | Found an iron altar of Okawaru.
  5005 | D:6      | Found a sparkling altar of Nemelex Xobeh.
  5006 | D:6      | Found a snail-covered altar of Cheibriados.
  5007 | D:6      | Found an ancient bone altar of Kikubaaqudgha.
  5063 | D:6      | Gained mutation: A meltable icy envelope protects you from
                  | harm. (AC +4) [demonic ancestry]
  5063 | D:6      | Reached XP level 8. HP: 51/52 MP: 11/17
  5322 | D:6      | Reached skill level 7 in Ice Magic
  5455 | D:6      | Found Keresaspa's Dragon-Slaying Spoils.
  5514 | D:6      | Found a sacrificial altar of Ru.
  5553 | D:6      | Gained mutation: You are dopey. (Int -2) [potion of
                  | mutation]
  5553 | D:6      | Gained mutation: You have an increased reservoir of magic.
                  | (+10% MP) [potion of mutation]
  5553 | D:6      | Gained mutation: You are frail. (-10% HP) [potion of
                  | mutation]
  6088 | D:6      | Reached * piety under Vehumet
  6088 | D:6      | Offered knowledge of Magic Dart by Vehumet.
  6367 | D:7      | Lost mutation: You have an increased reservoir of magic.
                  | (+10% MP) [potion of mutation]
  6367 | D:7      | Lost mutation: You are frail. (-10% HP) [potion of
                  | mutation]
  6367 | D:7      | Gained mutation: Your spells are a little easier to cast,
                  | but a little less powerful. [potion of mutation]
  6368 | D:7      | Lost mutation: Your spells are a little easier to cast, but
                  | a little less powerful. [potion of mutation]
  6368 | D:7      | Lost mutation: You are dopey. (Int -2) [potion of mutation]
  6368 | D:7      | Gained mutation: A frigid envelope surrounds you and
                  | freezes all who hurt you. [potion of mutation]
  6368 | D:7      | Gained mutation: You are frail. (-10% HP) [potion of
                  | mutation]
  6368 | D:7      | Gained mutation: You have hidden genetic defects. [potion
                  | of mutation]
  6386 | D:7      | Reached skill level 8 in Ice Magic
  6529 | D:7      | Gained mutation: Armour fits poorly on your strangely
                  | shaped body. [hidden defects]
  6583 | D:7      | Gained mutation: You have a tail ending in a sharp stinger.
                  | [demonic ancestry]
  6583 | D:7      | Reached XP level 9. HP: 42/51 MP: 17/20
  6740 | D:7      | Found a huge runed translucent gate.
  6740 | D:7      | Found a huge runed translucent gate.
  6740 | D:7      | Found a huge runed translucent gate.
  6740 | D:7      | Found a huge runed translucent gate.
  6740 | D:7      | Noticed a polar bear
  6740 | D:7      | Noticed a polar bear
  6747 | D:7      | Noticed a manticore
  6768 | D:7      | Gained mutation: You are vulnerable to cold. (rC-) [hidden
                  | defects]
  6768 | D:7      | Lost mutation: You have hidden genetic defects. [hidden
                  | defects expressed]
  6856 | D:7      | Found a shimmering altar of Xom.
  6856 | D:7      | Found a hazy altar of Hepliaklqana.
  6888 | D:7      | Lost mutation: Armour fits poorly on your strangely shaped
                  | body. [potion of mutation]
  6888 | D:7      | Lost mutation: A frigid envelope surrounds you and freezes
                  | all who hurt you. [potion of mutation]
  7005 | D:7      | Found an opulent altar of Gozag.
  7038 | D:7      | Found a shimmering blue altar of Sif Muna.
  7065 | D:7      | Identified a scroll of acquirement
  7067 | D:7      | Acquired 1118 gold pieces
  7130 | D:8      | Offered knowledge of Foxfire by Vehumet.
  7203 | D:8      | Found a flagged portal.
  7211 | D:8      | Reached ** piety under Vehumet
  7411 | D:8      | Found Zimeamamn's Armour Emporium.
  7416 | D:8      | Found an ornate altar of the Wu Jian Council.
  7513 | Bailey   | Entered a bailey
  7520 | Bailey   | Noticed an orc knight
  7712 | Bailey   | Reached skill level 9 in Ice Magic
  7821 | Bailey   | Killed an orc knight
  7822 | Bailey   | Reached skill level 1 in Evocations
  7822 | Bailey   | Offered knowledge of Momentum Strike by Vehumet.
  8165 | D:8      | Reached XP level 10. HP: 56/56 MP: 14/23
  8502 | D:8      | Reached skill level 10 in Ice Magic
  8795 | D:9      | Reached *** piety under Vehumet
  8815 | D:9      | Killed from afar by a vampire

Illustrated notes

Levels and vault maps discovered:
D:1:      dpeg_arrival_refuge, layout_loops_ring, minmay_misc_feat_chi,
          minmay_misc_feat_ornament, minmay_misc_feat_hallway,
          chequers_serial_rivers_room_a, serial_park_tiny_2
D:2:      layout_loops_ring, basic_altar
D:3:      layout_loops_ring, hellmonk_ecumenical_altar_leap_of_faith,
          grunt_ministairs_14, minivault_19
D:4:      layout_loops_corners, minmay_fountain_box, hangedman_glass_teeth,
          uniq_grinder
D:5:      layout_rooms, minmay_temple_entry_poolview, serial_corexii_hall,
          corexii_hall_statues_u, corexii_hall_statues_t,
          chequers_hall_statues_y, corexii_hall_statues_x,
          chequers_hall_statues_wall_a, corexii_hall_statues_s
D:6:      kb_forest_paths, layout_basic, mainiacjoe_overflow_brackets,
          chequers_temple_overflow_statue_of_worship,
          cheibrodos_sewer_entry_bend, serial_shops,
          nicolae_shop_hallway_stairs, nicolae_shop_dragon_depot
D:7:      lemuel_bear_cage, layout_cave_pools, nicolae_overflow_hidden_temple,
          lemuel_crystal_altar
D:8:      layout_loops_ring, nzn_wu_jian_contemplation,
          nicolae_elyvilon_temple_path, serial_shops, shop, enter_bailey_2,
          hellmonk_bongcloud_opening
D:9:      layout_basic, mainiacjoe_overflow_boulevard, gammafunk_ghost_ooze,
          lightli_minifort
Temple:   corrupted_temple

Skill      XL: |  1  2  3  4  5  6  7  8  9 10 |
---------------+-------------------------------+-----
Ice Magic      | 4 5 6 8 9 10 | 10.1
Spellcasting   | 3 4 5 6 7 9 |  9.8
Shields        | 1 2 |  2.3
Short Blades   | 1 2 |  2.4
Evocations     | 1 |  1.4
Dodging        | |  1.7
Stealth        | |  1.7

Action                   |  1- 3 |  4- 6 |  7- 9 | 10-12 || total
-------------------------+-------+-------+-------+-------++-------
Melee: Staff             |     7 |       |       |       ||     7
       Dagger            |    24 |    18 |       |       ||    42
       Short sword       |       |    24 |   128 |    26 ||   178
       Tailslap          |       |     4 |    15 |     1 ||    20
       Punch             |       |       |     4 |       ||     4
 Cast: Freeze            |    44 |    43 |   113 |     5 ||   205
       Frozen Ramparts   |       |     3 |    24 |     4 ||    31
       Ozocubu's Armour  |       |       |    17 |     2 ||    19
Evoke: Wand              |       |       |    15 |       ||    15
  Use: Scroll            |     4 |    10 |    11 |       ||    25
       Potion            |       |     1 |     5 |     2 ||     8
 Stab: Sleeping          |     3 |     2 |     2 |     1 ||     8
Armor: Robe              |    18 |    20 |   102 |    23 ||   163
Dodge: Dodged            |    50 |    32 |   121 |     8 ||   211
Block: Other             |     5 |    13 |    43 |     1 ||    62

Table legend: (Time is in decaauts)
 A = Elapsed time spent in this place.
 B = Non-inter-level travel time spent in this place.
 C = Inter-level travel time spent in this place.
 D = Time resting spent in this place.
 E = Time spent auto-exploring this place.
 F = Levels seen in this place.
 G = Mean time per level.
                   A        B        C        D        E       F      G
               +--------+--------+--------+--------+--------+-----+--------+
         Total |   8812 |   8271 |    541 |    489 |   5928 |  11 |  801.1 |
       Dungeon |   8251 |   7721 |    530 |    416 |   5716 |   9 |  916.8 |
        Temple |     38 |     28 |     10 |      0 |      6 |   1 |   38.0 |
        Bailey |    521 |    521 |      0 |     73 |    205 |   1 |  521.0 |
               +--------+--------+--------+--------+--------+-----+--------+

Top non-repeatable levels by time:
     D:6: 1408 daAuts
     D:4: 1404 daAuts
     D:8: 1121 daAuts
     D:5: 995 daAuts
     D:2: 896 daAuts
     D:1: 891 daAuts
     D:3: 732 daAuts
     D:7: 704 daAuts
  Bailey: 521 daAuts
     D:9: 97 daAuts
  Temple: 38 daAuts
